 Dungeon Crawl Stone Soup version 0.29.1-2-gbd0b4ee654 (webtiles) character file.

Game seed: 7314643918957486498

417 Raikaria the Shooter (level 7, -4/50 HPs)
             Began as a Djinni Hunter on Nov 10, 2022.
             Slain by an iguana (9 damage)
             ... on level 5 of the Dungeon.
             The game lasted 00:05:46 (2508 turns).

Raikaria the Shooter (Djinni Hunter)                Turns: 2508, Time: 00:05:47

Health: -4/50      AC:  4    Str: 10    XL:     7   Next: 15%
Gold:   153        EV: 13    Int: 13    God:
                   SH:  5    Dex: 19

rFire   + + .      SeeInvis .   a - +0 shortbow
rCold   x . .      Faith    .   (shield currently unavailable)
rNeg    + + +      Spirit   .   c - +0 leather armour
rPois   ∞          Reflect  +   (no helmet)
rElec   .          Harm     .   i - +0 cloak
rCorr   +          Rampage  .   (no gloves)
Will    +....                   (boots unavailable)
Stlth   ++........              l - amulet of reflection
HPRegen 0.16/turn               v - ring of the Indestructible God {rPois rN+++ Will+ MP-9 Int+3}
MPRegen 0.00/turn               o - ring of resist corrosion

@: flying
A: sickness immunity, fire resistance 2, cold vulnerability 1, float, innate
caster, HP casting, extra vitality 1
a: no special abilities


You were on level 5 of the Dungeon.
You visited 1 branch of the dungeon, and saw 6 of its levels.

You collected 153 gold pieces.

Inventory:

Hand Weapons
 a - a +0 shortbow (weapon)
Armour
 c - a +0 leather armour (worn)
 i - a +0 cloak (worn)
 x - the +5 ring mail of Naxoar {rPois rF+ Int+3 Stlth+}
   (You found it on level 6 of the Dungeon)

   Int:       It affects your intelligence (+3).
   rF:        It protects you from fire.
   rPois:     It protects you from poison.
   Stlth:     It makes you more stealthy.
Jewellery
 l - an amulet of reflection (around neck)
 o - a ring of resist corrosion (right hand)
 u - a ring of positive energy
 v - the ring of the Indestructible God (left hand) {rPois rN+++ Will+ MP-9 Int+3}
   (You found it on level 6 of the Dungeon)

   [ring of poison resistance]

   Int:       It affects your intelligence (+3).
   rPois:     It protects you from poison.
   rN:        It renders you almost immune to negative energy.
   MP:        It affects your magic capacity (-9).
   Will:      It increases your willpower.
 w - an amulet of the acrobat
Scrolls
 b - 3 scrolls of immolation
 d - 3 scrolls of butterflies {unknown}
 e - 3 scrolls of identify {unknown}
 f - a scroll of noise {unknown}
 j - 2 scrolls of fear {unknown}
 k - 2 scrolls of poison {unknown}
 q - a scroll of torment {unknown}
 r - a scroll of magic mapping {unknown}
 s - a scroll of vulnerability {unknown}
Potions
 g - a potion of curing {unknown}
 h - a potion of mutation {unknown}
 m - a potion of heal wounds {unknown}
 n - a potion of haste {unknown}
 p - a potion of magic {unknown}
 t - a potion of invisibility {unknown}


   Skills:
 + Level 3.1 Fighting
 - Level 6.0 Ranged Weapons
 + Level 3.4 Dodging
 - Level 0.7 Stealth


You couldn't memorise any spells.
You knew the following spells:

 Your Spells              Type           Power      Damage    Failure   Level
a - Sandblast             Erth           0%         2d4       38%         1
b - Poisonous Vapours     Pois/Air       0%         N/A       54%         2
c - Vampiric Draining     Necr           0%         2d6       77%         3
Your spell library was empty.

Dungeon Overview and Level Annotations

Branches:
Dungeon (7/15)
 Temple: D:4-7

Altars:
Okawaru

Shops:
D:2 (


Innate Abilities, Weirdness & Mutations

You are immune to sickness and miasma.
You are immune to poison.
Your flesh is very heat resistant. (rF++)
You are vulnerable to cold. (rC-)
You float through the air rather than walking.
You learn spells naturally, not from books.
Your magical power is your life essence.
You have superior vitality. (+4 MHP)


Message History

The iguana bites you! x2
You are too injured to fight recklessly!
You are too injured to fight recklessly!
Fire: a) +0 shortbow
Press: ? - help, Q - select action, (/) - cycle Shift-Dir - straight line, f/p - iguana
Aim: an iguana (severely wounded, 69% to hit)
You shoot an arrow. The arrow closely misses the iguana.
The arrow hits the necrophage.
The necrophage is lightly damaged.
The iguana bites you!
* * * LOW HITPOINT WARNING * * *
Fire: a) +0 shortbow
Press: ? - help, Q - select action, (/) - cycle Shift-Dir - straight line, f/p - iguana
Aim: an iguana (severely wounded, 69% to hit)
You shoot an arrow. The arrow closely misses the iguana.
The arrow hits the necrophage!
The necrophage is heavily damaged.
The iguana barely misses you.
Fire: a) +0 shortbow
Press: ? - help, Q - select action, (/) - cycle Shift-Dir - straight line, f/p - iguana
Aim: an iguana (severely wounded, 69% to hit)
You shoot an arrow. The arrow barely misses the iguana.
The arrow barely misses the necrophage.
You block the iguana's attack.
Fire: a) +0 shortbow
Press: ? - help, Q - select action, (/) - cycle Shift-Dir - straight line, f/p - iguana
Aim: an iguana (severely wounded, 69% to hit)
You shoot an arrow. The arrow barely misses the iguana.
The arrow hits the necrophage!
The necrophage is almost destroyed.
The iguana barely misses you.
Fire: a) +0 shortbow
Press: ? - help, Q - select action, (/) - cycle Shift-Dir - straight line, f/p - iguana
Aim: an iguana (severely wounded, 69% to hit)
You shoot an arrow. The arrow hits the iguana.
The iguana is almost dead.
The iguana bites you.
* * * LOW HITPOINT WARNING * * *
The iguana bites you!
You die...

# #####
###.#...########
..........nl@..#
.##.#..>#.####.#
##.##.####.#
#.........#
####....##.#
.......#n##.#
###.##......#
#.# #..#...# #.
#......#


You could see a necrophage and an iguana.

Vanquished Creatures
  A centaur (D:6)
  A necrophage (D:6)
  A scorpion (D:6)
  A hound (D:6)
  2 iguanas (D:6)
  An orc wizard (D:2)
  4 adders
  2 ufetubi (D:6)
  A worm (D:2)
  A dart slug (D:2)
  3 orcs (D:2)
  5 bats
  6 endoplasms
  4 giant cockroaches
  6 goblins
  3 hobgoblins
  5 ball pythons
  2 frilled lizards
  7 kobolds
  6 rats
62 creatures vanquished.

Notes
Turn   | Place    | Note
-------+----------+-------------------------------------------
     0 | D:1      | Raikaria the Djinni Hunter began the quest for the Orb.
     0 | D:1      | Reached XP level 1. HP: 18/18 MP: 0/0
    65 | D:1      | Reached XP level 2. HP: 23/23 MP: 0/0
   438 | D:1      | Reached skill level 4 in Ranged Weapons
   438 | D:1      | Reached XP level 3. HP: 28/28 MP: 0/0
   438 | D:1      | Learned a level 1 spell: Sandblast
   852 | D:2      | Reached XP level 4. HP: 32/33 MP: 0/0
  1182 | D:2      | Found Ewkoloe's Weapon Shop.
  1372 | D:2      | Reached XP level 5. HP: 38/38 MP: 0/0
  1372 | D:2      | Learned a level 2 spell: Poisonous Vapours
  1542 | D:2      | Reached skill level 5 in Ranged Weapons
  1760 | D:3      | You are sucked into a shaft and drop 3 floors!
  1782 | D:6      | Reached XP level 6. HP: 6/43 MP: 0/0
  2089 | D:6      | Reached skill level 6 in Ranged Weapons
  2242 | D:6      | Found an iron altar of Okawaru.
  2249 | D:7      | Noticed a sky beast
  2249 | D:7      | Noticed an orc warrior
  2249 | D:7      | Noticed an ogre
  2259 | D:6      | Identified the ring of the Indestructible God {rPois rN+++
                  | Will+ MP-9 Int+3}
  2289 | D:6      | Reached XP level 7. HP: 45/50 MP: 0/0
  2289 | D:6      | Learned a level 3 spell: Vampiric Draining
  2381 | D:6      | Identified the +5 ring mail of Naxoar {rPois rF+ Int+3
                  | Stlth+}
  2473 | D:5      | Entered Level 5 of the Dungeon
  2508 | D:5      | Slain by an iguana

Illustrated notes

Levels and vault maps discovered:
D:1:      psy_arrival_whirlpool, layout_basic
D:2:      layout_basic, serial_shops, nicolae_shop_bloodbath_and_beyond
D:3:      layout_basic, mainiacjoe_overflow_paths
D:5:      layout_loops_cross, minmay_misc_feat_four_crosses,
          palyth_stone_intersect, nicolae_figureground_sparkle
D:6:      layout_basic, gammafunk_temple_overflow_forgotten
D:7:      layout_basic, minmay_temple_entry_enclosed_plants

Skill      XL: |  1  2  3  4  5  6 |
---------------+-------------------+-----
Ranged Weapons | 4 5 6 |  6.0
Fighting       | 3 |  3.1
Dodging        | 3 |  3.4
Stealth        | |  0.7

Action                   |  1- 3 |  4- 6 |  7- 9 || total
-------------------------+-------+-------+-------++-------
 Fire: Shortbow          |    75 |    87 |    28 ||   190
Armor: Leather armour    |     4 |     9 |     3 ||    16
Dodge: Dodged            |    14 |    28 |    13 ||    55
Block: Other             |       |     2 |     6 ||     8
       Reflection        |       |     1 |       ||     1
